Map: Alcyone LE

Players

Moja - Winner!

  • Race: Terran Terran
  • League: Grandmaster
  • Spawn Location: 7:00

ProtossFan (uThermal)

  • Race: Protoss Protoss
  • League: Grandmaster
  • Spawn Location: 1:00

Event: HomeStory Cup XXV

VOD

Have the link to the VOD?

Description

Time

  • Played on: June 21, 2024, 3:34 p.m.
  • Length: 19:04

All games in this series

Show
View Real Time Build Order
Export as new Build Order

Moja Terran - Winner!

Build Orders: Reaper Expand, Banshee Rush 

Get SALT Encoding   

  12  0:00  SCV  
  13  0:12  SCV  
  14  0:16  Supply Depot  
  14  0:24  SCV  
  15  0:38  SCV  
  15  0:40  Barracks  
  16  0:43  Refinery  
  16  0:50  SCV  
  17  1:02  SCV  
  18  1:14  SCV  
  19  1:27  Orbital Command, Reaper  
  20  1:40  Command Center  
  19  1:53  SCV  
  20  1:55  Supply Depot  
  20  1:59  Marine  
  21  2:05  SCV  
  22  2:09  Factory  
  22  2:17  SCV  
  22  2:22  Bunker  
  23  2:26  Refinery  
  23  2:30  SCV  
  24  2:40  Barracks Reactor  
  24  2:42  SCV  
  25  2:54  SCV, Starport  
  25  2:58  Orbital Command  
  26  3:04  Factory Tech Lab  
  26  3:06  SCV  
  27  3:16  Marine x2  
  27  3:19  SCV  
  30  3:23  SCV  
  31  3:31  SCV  
  32  3:35  SCV  
  32  3:37  Marine x2, Cloaking Field  
  32  3:38  Banshee  
  32  3:40  Factory Tech Lab  
  38  3:43  SCV  
  38  3:47  SCV  
  38  3:48  Supply Depot  
  40  3:54  Marine  
  40  3:55  SCV, Marine  
  43  3:59  SCV  
  43  4:00  Supply Depot  
  44  4:09  SCV, Siege Tank  
  48  4:12  SCV  
  48  4:13  Marine x2  
  51  4:23  SCV  
  52  4:25  Banshee  
  52  4:28  SCV  
  52  4:30  Supply Depot  
  52  4:31  Marine x2  
  56  4:36  SCV  
  56  4:38  Supply Depot  
  59  4:41  SCV  
  60  4:48  SCV  
  60  4:49  Marine  
  60  4:51  Marine  
  60  4:52  Siege Tank  
  66  4:53  SCV  
  67  5:00  SCV  
  67  5:06  SCV, Marine, Command Center  
  70  5:08  Banshee  
  70  5:09  Marine  
  70  5:13  SCV  
  75  5:17  Barracks  
  75  5:18  Barracks  
  75  5:19  SCV  
  75  5:20  Supply Depot  
  76  5:25  SCV  
  77  5:31  SCV  
  78  5:37  Engineering Bay  
  78  5:38  Engineering Bay  
  78  5:39  Refinery  
  78  5:40  Refinery  
  78  5:41  SCV  
  79  5:43  SCV  
  79  5:45  Supply Depot  
  80  5:53  SCV  
  80  5:56  SCV  
  75  6:05  SCV  
  75  6:08  SCV  
  75  6:09  Marine x2  
  75  6:10  Barracks Tech Lab  
  77  6:17  SCV  
  78  6:20  SCV  
  78  6:21  Starport Reactor  
  78  6:22  Terran Infantry Weapons Level 1, Terran Infantry Armor Level 1  
  78  6:23  Combat Shield, Stimpack  
  78  6:24  Marauder x2  
  78  6:25  Orbital Command  
  83  6:29  Barracks  
  83  6:30  SCV, Marine x2, Barracks  
  83  6:32  SCV  
  87  6:42  SCV  
  87  6:44  Orbital Command, SCV  
  89  6:47  Marauder x2  
  89  6:48  Barracks x2  
  89  6:50  Barracks  
  89  6:54  SCV  
  94  6:56  SCV  
  94  6:59  Medivac x2  
  99  7:03  Supply Depot  
  99  7:04  Supply Depot  
  99  7:06  SCV  
  99  7:07  Marine x2  
  102  7:08  SCV  
  102  7:09  Marauder  
  102  7:10  SCV  
  102  7:11  Marine  
  107  7:15  Supply Depot  
  107  7:18  SCV  
  107  7:19  Barracks Tech Lab, Barracks Reactor  
  107  7:20  SCV  
  107  7:22  Refinery x2  
  109  7:24  Supply Depot  
  109  7:25  SCV  
  109  7:26  Armory  
  110  7:30  SCV, Marine x2, Marauder  
  110  7:32  Medivac  
  110  7:34  Medivac  
  119  7:37  Barracks Tech Lab  
  119  7:38  Barracks Tech Lab x2  
  119  7:40  SCV, Concussive Shells  
  119  7:41  SCV  
  121  7:47  Marine  
  121  7:48  Marauder  
  124  7:53  Marine, Marauder  
  124  7:54  SCV  
  124  7:56  Marine  
  124  7:57  Marauder  
  124  7:58  Marauder  
  132  8:02  Supply Depot  
  132  8:03  Supply Depot, Marine  
  132  8:04  Marauder  
  132  8:05  Marine  
  138  8:06  Marauder  
  138  8:09  Marauder  
  138  8:10  Marine  
  141  8:19  Supply Depot x2, Marine x2, Medivac  
  149  8:20  Marauder x2  
  149  8:24  Marine, Medivac  
  149  8:25  Marauder  
  154  8:29  Marine, Marauder  
  157  8:34  Marine, Marauder  
  157  8:37  Marine  
  157  8:38  Marauder  
  157  8:40  Ghost Academy  
  163  8:48  Marine, Marauder  
  163  8:49  Medivac  
  163  8:54  Marine  
  168  9:01  Marine  
  175  9:14  Marine x3  
  182  9:19  Supply Depot, Marine  
  182  9:20  Supply Depot  
  182  9:21  Command Center  
  183  9:24  Medivac  
  183  9:25  Medivac  
  187  9:32  Marine x2  
  187  9:37  Terran Infantry Weapons Level 2  
  189  9:39  Terran Infantry Armor Level 2  
  189  9:42  Unknown x5, Marauder x3  
  189  9:43  Unknown  
  195  10:01  Marine x2  
  195  10:02  Marauder  
  195  10:05  Supply Depot, Terran Ship Weapons Level 1  
  199  10:27  Marine x2  
  199  10:28  Marauder  
  199  10:33  Marine  
  199  10:34  Marauder  
  178  10:40  Marine, Marauder  
  178  10:42  Planetary Fortress  
  184  10:45  Barracks  
  184  10:46  Barracks  
  184  10:47  Barracks  
  181  10:50  Marine  
  181  10:51  Marine x3, Marauder x2  
  181  10:52  Marauder  
  181  10:54  Missile Turret  
  181  10:55  Viking x2  
  188  10:59  SCV  
  188  11:00  SCV, Starport  
  188  11:02  Starport  
  184  11:25  Marine x2, Viking x2  
  186  11:28  Marine  
  186  11:29  Marauder  
  195  11:34  Barracks Tech Lab x3  
  195  11:39  Starport Reactor  
  195  11:40  Starport Reactor  
  195  11:43  Command Center  
  183  11:55  Viking x2  
  183  11:56  Unknown x2  
  183  11:59  Marine  
  183  12:00  Marine, Marauder  
  184  12:04  Marine  
  184  12:05  Marauder  
  184  12:06  Marine, Marauder  
  190  12:17  Marine  
  190  12:18  Marauder  
  159  12:24  Marine x2  
  159  12:25  Viking  
  159  12:28  Viking x2  
  148  12:33  Marine, Marauder x3  
  148  12:35  Viking x2  
  165  12:39  Marauder  
  165  12:41  Marine  
  166  12:45  Refinery  
  166  12:46  Refinery  
  166  12:49  Viking  
  166  12:50  Marine x2  
  170  12:51  Marine  
  170  12:53  Unknown x2, Marauder  
  170  12:54  Marauder  
  170  12:55  Marauder  
  170  12:57  Planetary Fortress  
  177  13:01  Unknown x3  
  177  13:02  Sensor Tower  
  177  13:03  Viking  
  179  13:08  Unknown  
  178  13:22  Viking x2  
  179  13:28  Marine, Marauder  
  179  13:32  Marine  
  179  13:33  Marauder  
  184  13:39  Marine, Marauder  
  183  13:47  Marine, Marauder x2  
  183  13:48  Barracks Tech Lab  
  170  13:49  Marine, Marauder  
  170  13:51  Marine, Marauder  
  170  13:52  Marauder x2  
  170  13:54  Marauder  
  179  13:56  Marine  
  179  14:00  Marine  
  186  14:03  Viking, Medivac x2  
  186  14:04  Viking x3  
  186  14:05  Marine  
  186  14:07  Marine  
  186  14:09  Marine, Marauder x2, Command Center  
  200  14:10  Missile Turret  
  200  14:14  Sensor Tower  
  200  14:15  Missile Turret  
  190  14:55  Marine  
  190  14:59  Marine  
  187  15:00  Marauder  
  187  15:02  Marine x2, Marauder  
  187  15:05  Marine, Marauder  
  187  15:06  Marine  
  187  15:07  Marauder  
  177  15:11  Liberator x3  
  177  15:12  Marine  
  177  15:13  Terran Ship Weapons Level 2, Terran Infantry Weapons Level 3  
  177  15:14  Terran Infantry Armor Level 3, Orbital Command  
  187  15:20  Marine  
  186  15:21  Marauder  
  186  15:23  Marauder  
  186  15:24  Unknown, Marauder  
  186  15:25  Unknown x2  
  190  15:32  Marine x2  
  190  15:33  Marauder  
  194  15:40  Marine x2  
  194  15:41  Marauder  
  194  15:52  Marine x2, Marauder  
  194  15:53  Marauder  
  196  16:01  Marine  
  196  16:02  Marauder  
  196  16:03  Marine  
  196  16:04  Marine, Marauder x2  
  168  16:05  Marine  
  168  16:06  Liberator x5, Marauder x2  
  182  16:14  Marine, Marauder  
  175  16:20  Marine  
  175  16:21  Marine x2, Marauder  
  175  16:22  Marauder  
  175  16:23  Marauder  
  175  16:24  Marauder  
  175  16:25  Marine, Medivac  
  170  16:26  Marine, Marauder  
  170  16:27  Marauder  
  170  16:32  Marine  
  172  16:36  Marauder  
  172  16:38  Fusion Core, Marine  
  175  16:44  Marine  
  175  16:45  Marauder  
  176  16:48  Marine x2  
  176  16:49  Marauder x3  
  182  16:58  Marine, Marauder  
  182  17:00  Marine  
  183  17:01  Marauder  
  183  17:03  Medivac x2  
  183  17:05  Marine, Marauder  
  181  17:21  Marine, Marauder  
  181  17:25  Marine  
  181  17:26  Marauder  
  180  17:35  Marine x2, Marauder x2, Medivac  
  180  17:36  Medivac x4  
  190  17:37  Medivac  
  190  17:38  Marine, Marauder  
  195  17:54  Marine x2, Marauder  
  195  17:56  Marine  
  185  18:07  Marine x2  
  185  18:08  Marauder x2  
  185  18:09  Marine, Marauder  
  185  18:11  Marine  
  185  18:12  Marauder  
  181  18:13  Marine  
  181  18:14  Marauder  
  181  18:16  Marauder  
  181  18:17  Marine x2  
  184  18:25  Marine  
  184  18:26  Marauder  
  184  18:27  Marauder  
  184  18:29  Marine x2, Marauder  
  184  18:30  Marine  
  184  18:31  Marine  
  184  18:33  Marine  
  186  18:35  Marauder  
  185  18:41  Marine  
  185  18:42  Marauder  
Show
View Real Time Build Order
Export as new Build Order

ProtossFan Protoss 

Build Orders: 1 Gate Expand, Blink Stalkers 

Get SALT Encoding   

  12  0:00  Probe  
  13  0:12  Probe  
  14  0:17  Pylon  
  14  0:24  Probe  
  15  0:36  Probe (Chrono Boost)  
  15  0:37  Gateway  
  16  0:47  Assimilator  
  16  0:48  Probe (Chrono Boost)  
  17  0:53  Probe (Chrono Boost)  
  18  1:03  Probe  
  19  1:15  Probe  
  20  1:25  Cybernetics Core  
  20  1:36  Nexus  
  20  1:40  Probe  
  21  1:49  Pylon  
  21  1:52  Probe  
  22  1:57  Assimilator  
  22  2:04  Adept (Chrono Boost)  
  22  2:07  Warp Gate  
  24  2:08  Probe  
  25  2:20  Probe  
  26  2:27  Stalker  
  28  2:33  Probe  
  29  2:41  Twilight Council  
  29  2:45  Probe  
  29  2:50  Probe  
  29  2:51  Gateway  
  31  2:57  Probe  
  32  3:00  Stalker  
  32  3:03  Probe  
  35  3:10  Probe (Chrono Boost)  
  36  3:15  Blink (Chrono Boost)  
  36  3:16  Probe (Chrono Boost)  
  37  3:22  Probe (Chrono Boost)  
  37  3:26  Probe (Chrono Boost)  
  39  3:29  Probe (Chrono Boost)  
  39  3:32  Probe (Chrono Boost)  
  39  3:33  Pylon  
  41  3:36  Probe  
  42  3:42  Probe  
  43  3:51  Probe  
  43  3:55  Stalker x2  
  48  4:01  Probe  
  49  4:07  Nexus  
  49  4:08  Pylon  
  50  4:10  Probe  
  50  4:13  Probe  
  51  4:17  Pylon  
  51  4:23  Probe  
  52  4:26  Stalker x2  
  52  4:30  Robotics Facility  
  52  4:31  Probe  
  57  4:34  Assimilator  
  57  4:37  Probe  
  58  4:39  Assimilator  
  58  4:45  Probe  
  59  4:49  Stalker x2  
  59  4:50  Probe  
  64  4:55  Shield Battery  
  64  4:57  Shield Battery, Probe  
  65  5:02  Probe  
  66  5:09  Probe  
  66  5:14  Charge, Forge, Probe  
  67  5:17  Observer (Chrono Boost)  
  67  5:18  Robotics Bay  
  67  5:20  Probe  
  70  5:22  Probe  
  70  5:23  Shield Battery  
  70  5:28  Probe  
  72  5:29  Immortal (Chrono Boost)  
  77  5:42  Pylon  
  74  5:43  Stalker x2  
  74  5:48  Shield Battery  
  76  6:03  Colossus (Chrono Boost)  
  74  6:08  Probe x2  
  74  6:09  Stalker x2  
  74  6:10  Probe  
  76  6:20  Probe x2  
  76  6:22  Probe  
  77  6:26  Extended Thermal Lance (Chrono Boost)  
  77  6:29  Protoss Ground Weapons Level 1 (Chrono Boost)  
  77  6:32  Probe x2  
  79  6:34  Probe  
  79  6:35  Zealot x2  
  79  6:39  Gateway  
  84  6:44  Probe  
  85  6:47  Probe, Colossus (Chrono Boost)  
  92  6:54  Gateway  
  92  6:56  Probe  
  92  6:59  Gateway  
  93  7:02  Pylon x2  
  93  7:03  Pylon  
  93  7:09  Gateway, Templar Archives  
  93  7:20  Probe x2  
  93  7:21  Pylon  
  93  7:22  Probe  
  96  7:30  Colossus (Chrono Boost)  
  96  7:32  Probe  
  96  7:33  Stalker x3  
  96  7:35  Probe  
  110  7:38  Pylon  
  110  7:47  Gateway  
  110  7:49  Pylon  
  110  7:58  Nexus  
  110  7:59  Pylon  
  110  8:04  Probe x3  
  113  8:11  Observer (Chrono Boost)  
  113  8:16  Probe x2, Pylon  
  113  8:18  Zealot x5  
  124  8:21  Pylon  
  124  8:23  Photon Cannon  
  124  8:24  Probe  
  125  8:30  Immortal (Chrono Boost)  
  129  8:37  Probe x3  
  129  8:38  Gateway  
  132  8:42  Gateway  
  128  8:49  Probe x3 (Chrono Boost)  
  128  8:54  Stalker x5  
  136  8:58  Probe x2 (Chrono Boost)  
  136  8:59  Psionic Storm  
  136  9:00  Probe (Chrono Boost)  
  138  9:06  Immortal  
  142  9:11  Probe  
  142  9:12  Probe  
  142  9:13  Probe  
  145  9:23  High Templar x3  
  152  9:24  Probe  
  152  9:31  Probe, Pylon  
  153  9:34  High Templar, Pylon  
  153  9:36  Pylon  
  155  9:38  Probe x2  
  155  9:41  Shield Battery  
  155  9:42  Pylon  
  155  9:45  Warp Prism (Chrono Boost)  
  159  9:51  Protoss Ground Weapons Level 2 (Chrono Boost)  
  159  9:52  Forge  
  158  9:59  Zealot x7  
  168  10:08  Immortal (Chrono Boost)  
  154  10:32  Zealot x5  
  154  10:33  Zealot x2  
  164  10:41  Probe  
  164  10:42  Immortal (Chrono Boost)  
  163  10:49  Protoss Ground Armor Level 1 (Chrono Boost)  
  167  10:51  Zealot  
  167  10:54  Zealot x7  
  183  11:01  Nexus  
  183  11:12  Nexus  
  183  11:14  Pylon  
  179  11:21  Zealot x3  
  179  11:22  Zealot x5  
  179  11:23  Pylon  
  193  11:32  Immortal  
  197  11:36  Probe x3  
  200  11:44  Gateway  
  200  11:47  Gateway  
  200  11:53  Gateway  
  182  11:54  Gateway  
  174  12:06  Zealot x8  
  174  12:08  Pylon  
  190  12:11  Immortal (Chrono Boost)  
  166  12:27  Stalker x8  
  168  12:33  Protoss Ground Weapons Level 3  
  168  12:35  Probe  
  168  12:36  Probe x3  
  170  12:43  Robotics Facility  
  170  12:47  Warp Prism (Chrono Boost)  
  170  12:49  Robotics Facility  
  172  12:56  Stalker x7  
  172  12:57  Zealot x4  
  194  13:01  Probe x2  
  194  13:02  Assimilator, Probe  
  197  13:09  Probe x2  
  199  13:19  Protoss Ground Armor Level 2  
  181  13:45  Zealot x12  
  177  13:48  Disruptor x2 (Chrono Boost)  
  183  13:58  Disruptor (Chrono Boost), Probe x3  
  186  14:10  Nexus  
  186  14:14  Pylon  
  186  14:17  Disruptor x2  
  186  14:22  Nexus  
  194  14:27  Zealot x3, Pylon  
  186  14:51  Disruptor  
  174  14:54  Disruptor  
  174  14:56  Disruptor  
  140  15:07  Zealot x9  
  140  15:08  Zealot x3  
  142  15:25  Gateway  
  142  15:26  Gateway  
  142  15:27  Disruptor  
  142  15:28  Zealot x12, Gateway  
  170  15:29  Disruptor  
  170  15:31  Disruptor  
  170  15:51  Zealot x3  
  170  15:52  Zealot x9  
  180  16:02  Disruptor  
  134  16:05  Disruptor  
  134  16:07  Disruptor  
  122  16:12  Zealot x12  
  138  16:23  Stalker x3  
  138  16:24  Probe x2  
  138  16:25  Probe  
  116  16:34  Zealot x5  
  116  16:35  Zealot x7  
  140  16:43  Assimilator x2  
  139  17:00  Zealot x9  
  139  17:01  Zealot x6  
  161  17:04  Disruptor  
  161  17:05  Disruptor (Chrono Boost)  
  147  17:21  Zealot x7  
  153  17:33  Zealot x5  
  152  17:47  Disruptor (Chrono Boost)  
  150  17:51  Zealot  
  150  17:52  Zealot x6  
  150  17:53  Disruptor (Chrono Boost)  
  128  18:14  Zealot x9  
  128  18:17  Probe  
  128  18:18  Probe  
  96  18:43  Probe  
  96  18:44  Probe  
  96  18:55  Zealot x6  
Tags
 
Add a new tag
Caveats
  • Supply blocks, unpowered buildings, or Contaminate may cause inaccurate times.
  • Supply counts are checked every 10 seconds.